 Dungeon Crawl Stone Soup version 0.27-a0-797-g27d10ad80f (webtiles) character file.

Game seed: 6041580162065394951

35 polve the Slasher (level 3, -1/29 HPs)
             Began as a Demonspawn Abyssal Knight on Mar 27, 2021.
             Was a Follower of Lugonu.
             Slain by a hobgoblin (4 damage)
             ... on level 1 of the Dungeon.
             The game lasted 00:00:39 (1020 turns).

polve the Slasher (Demonspawn Abyssal Knight)       Turns: 1020, Time: 00:00:40

Health: -1/29      AC:  3    Str: 12    XL:     3   Next: 17%
Magic:  4/4        EV: 11    Int: 14    God:    Lugonu [*.....]
Gold:   29         SH:  0    Dex: 12    Spells: 2/2 levels left

rFire    . . .     SeeInvis .   a - +1 falchion
rCold    . . .     Faith    .   (no shield)
rNeg     . . .     Spirit   .   b - +0 leather armour
rPois    .         Reflect  .   (no helmet)
rElec    .         Harm     .   (no cloak)
rCorr    .         Rampage  .   (no gloves)
Will     .....                  (no boots)
Stlth    +.........             (no amulet)
HPRegen  0.09/turn              (no ring)
MPRegen  0.09/turn              (no ring)

@: no status effects
A: powered by death 1
a: Renounce Religion, Depart the Abyss


You were on level 1 of the Dungeon.
You worshipped Lugonu.
Lugonu was aware of your devotion.
You visited 1 branch of the dungeon, and saw 1 of its levels.
You visited the Abyss 1 time.

You collected 29 gold pieces.

Inventory:

Hand Weapons
 a - a +1 falchion (weapon)
Armour
 b - a +0 leather armour (worn)
Potions
 c - a potion of lignification {unknown}
 d - a potion of magic {unknown}


   Skills:
 - Level 3.0 Fighting
 + Level 3.3 Long Blades
 - Level 1.7 Armour
 - Level 0.8 Dodging
 - Level 2.4 Invocations


You had 2 spell levels left.
You didn't know any spells.
Your spell library was empty.

Dungeon Overview and Level Annotations

Branches:
Dungeon (1/15)

Altars:


Innate Abilities, Weirdness & Mutations

You regenerate a little health from kills.


Message History

The goblin misses you.
You closely miss the goblin. The goblin hits you but does no damage.
You closely miss the goblin. The kobold barely misses you.
The goblin misses you.
You hit the goblin.
The goblin is moderately wounded.
The kobold hits you with a +0 mace. The goblin hits you.
You closely miss the goblin.
The goblin is moderately wounded.
The kobold closely misses you. The goblin hits you but does no damage.
You hit the goblin.
You kill the goblin!
Lugonu accepts your kill. The kobold hits you with a +0 mace.
The hobgoblin barely misses you.
You riposte.
You hit the hobgoblin but do no damage. You hit the hobgoblin.
The hobgoblin is heavily wounded.
The kobold closely misses you.
You riposte.
You barely miss the kobold. The hobgoblin hits you.
The hobgoblin throws a stone.
The stone hits you but does no damage. The hobgoblin misses you.
You riposte.
You hit the hobgoblin but do no damage.
The hobgoblin is heavily wounded.
The kobold closely misses you.
You are too injured to fight recklessly!
You are too injured to fight recklessly!
You are too injured to fight recklessly!
You are too injured to fight recklessly!
You are too injured to fight recklessly!
You are too injured to fight recklessly!
You are too injured to fight recklessly!
You are too injured to fight recklessly!
There are monsters nearby!
You hit the hobgoblin but do no damage.
The hobgoblin is heavily wounded.
The hobgoblin hits you. The kobold hits you with a +0 mace!
* * * LOW HITPOINT WARNING * * *
You closely miss the hobgoblin.
The hobgoblin is moderately wounded.
The hobgoblin hits you.
You die...

##..#### ≈≈≈ ####.
##.### .gg.. ## #.##
.....§. #.# ####'####
##.##### ####8'8#### ###
#.##...###.........###..
#.#....##...........##.§
#.#....#g...........'#..
#.'....@g.....<.....8'..
#.#....#K...........##..
#.#....##......)....##..
#.##...###.........###..
##.##### ###8#8+8### ###
#.# ######+###### #.##
#...........# ##.###
#≈≈≈.$...≈≈≈# ##
##..#####≈≈≈≈≈≈≈#####.


You could see 2 hobgoblins and a kobold.

Vanquished Creatures
  2 dart slugs (D:1)
  3 bats (D:1)
  4 endoplasms (D:1)
  2 giant cockroaches (D:1)
  4 goblins (D:1)
  2 hobgoblins (D:1)
  3 kobolds (D:1)
  A quokka (D:1)
  2 ball pythons (D:1)
  A frilled lizard (D:1)
  4 rats (D:1)
28 creatures vanquished.

Notes
Turn   | Place    | Note
-------+----------+-------------------------------------------
     0 | Abyss:1  | polve the Demonspawn Abyssal Knight began the quest for the
                  | Orb.
     0 | Abyss:1  | Reached XP level 1. HP: 18/18 MP: 2/2
    44 | Abyss:1  | Noticed a small abomination
    45 | D:1      | Escaped the Abyss
   349 | D:1      | Gained mutation: You regenerate a little health from kills.
                  | [demonic ancestry]
   349 | D:1      | Reached XP level 2. HP: 24/24 MP: 3/3
   711 | D:1      | Reached * piety under Lugonu
   746 | D:1      | Reached XP level 3. HP: 14/29 MP: 4/4
  1020 | D:1      | Slain by a hobgoblin

Illustrated notes

Levels and vault maps discovered:
D:1:      dpeg_arrival_morbid_curiosity, layout_basic

Skill      XL: |  1  2 |
---------------+-------+-----
Long Blades    | 2 3 |  3.3
Fighting       | |  3.0
Armour         | |  1.7
Dodging        | |  0.8
Invocations    | |  2.4

Action                   || total
-------------------------++-------
Melee: Falchion          ||    76
Invok: Depart the Abyss  ||     1
 Stab: Sleeping          ||     1
Armor: Leather armour    ||    23
Dodge: Dodged            ||    61
       Rpst.: Falchion   ||    20

Table legend: (Time is in decaauts)
 A = Elapsed time spent in this place.
 B = Non-inter-level travel time spent in this place.
 C = Inter-level travel time spent in this place.
 D = Time resting spent in this place.
 E = Time spent auto-exploring this place.
 F = Levels seen in this place.
 G = Mean time per level.
                   A        B        C        D        E       F      G
               +--------+--------+--------+--------+--------+-----+--------+
         Total |   1031 |   1031 |      0 |      0 |    861 |   2 |  515.5 |
       Dungeon |    986 |    986 |      0 |      0 |    817 |   1 |  986.0 |
         Abyss |     45 |     45 |      0 |      0 |     44 |   1 |   45.0 |
               +--------+--------+--------+--------+--------+-----+--------+

Top non-repeatable levels by time:
     D:1: 986 daAuts
 Abyss:1: 45 daAuts
